 Dungeon Crawl Stone Soup version 0.30.0-5-g1a98f26d00 (webtiles) character file.

Game seed: 2461514952024342370

55 SnakkuSnakku7 the Firebug (level 3, 0/18 HPs)
             Began as a Vine Stalker Fire Elementalist on May 13, 2023.
             Slain by Terence
             ... wielding a +0 trident
              (4 damage)
             ... on level 2 of the Dungeon.
             The game lasted 00:01:59 (1517 turns).

SnakkuSnakku7 the Firebug (VSFE)                    Turns: 1517, Time: 00:02:00

Health: 0/18       AC: 11    Str: 12    XL:     3   Next: 93%
Magic:  0/7        EV:  6    Int: 15    God:
Gold:   54         SH:  0    Dex: 14    Spells: 5/6 levels left

rFire   . .          .
                       - Unarmed
rCold   . . .        (no shield)
rNeg    . . .        o - +0 chain mail
rPois   .            q - +0 helmet
rElec   .            g - +0 cloak
rCorr   .            m - +0 pair of gloves
SInv    .            (no boots)
Will    .....        (no amulet) Stlth
                     (no ring)
HPRegen 0.23/turn    (no ring)
MPRegen 0.10/turn

%: guardian spirit
@: no status effects
A: fangs 2, magic shield, antimagic bite, no potion heal 2
a: no special abilities


You were on level 2 of the Dungeon.
You visited 1 branch of the dungeon, and saw 2 of its levels.

You collected 117 gold pieces.
You spent 63 gold pieces at shops.

Inventory:

Armour
 a - a +0 robe
 g - a +0 cloak (worn)
 k - a +0 leather armour
 m - a +0 pair of gloves (worn)
 o - a +0 chain mail (worn)
 q - a +0 helmet (worn)
Jewellery
 l - a ring of wizardry
Scrolls
 c - a scroll of vulnerability {unknown}
 d - a scroll of poison {unknown}
 h - 4 scrolls of identify {unknown}
 n - a scroll of summoning {unknown}
Potions
 b - 2 potions of magic
 e - a potion of heal wounds {unknown}
 f - 2 potions of might {unknown}
 i - a potion of brilliance {unknown}
 j - a potion of ambrosia {unknown}
 p - a potion of mutation {unknown}
 r - a potion of curing {unknown}


   Skills:
 + Level 2.0 Fighting
 - Level 1.5 Dodging
 - Level 2.4 Stealth
 + Level 2.3 Unarmed Combat
 - Level 2.1 Spellcasting
 - Level 1.0 Conjurations
 - Level 3.0 Fire Magic


You had 5 spell levels left.
You knew the following spells:

 Your Spells              Type           Power      Damage    Failure   Level
a - Foxfire               Conj/Fire      28%        2x1d5     96%         1

Your spell library contained the following spells:

 Spells                   Type           Power      Damage    Failure   Level
 Scorch                   Fire           20%        2d5       96%         2
 Beastly Appendage        Tmut           2%         N/A       100%        1
 Wereblood                Tmut           1%         N/A       100%        2
 Inner Flame              Hex/Fire       6%         N/A       100%        3
 Spider Form              Tmut/Pois      1%         N/A       100%        3
 Volatile Blastmotes      Fire/Tloc      12%        2d11      100%        3
 Flame Wave               Conj/Fire      7%         2d5       100%        4
 Fulminant Prism          Conj/Hex       1%         3d5       100%        4
 Iskenderun's Mystic Bla  Conj/Tloc      3%         2d3       100%        4
 Lee's Rapid Deconstruct  Erth           0%         3d4*      100%        5


Dungeon Overview and Level Annotations

Branches:
Dungeon (2/15)

Altars:

Shops:
D:2 *

Annotations:
D:2 Terence


Innate Abilities, Weirdness & Mutations

You have extremely sharp teeth.
When hurt, damage is shared between your health and your magic reserves.
Your bite disrupts and absorbs the magic of your enemies.
Potions cannot restore your health.


Message History

Terence barely misses you.
You hit Terence. You bite Terence, but do no damage.
Terence is heavily wounded.
Terence closely misses you.
You barely miss Terence. You bite Terence, but do no damage.
Terence is heavily wounded.
Terence hits you but does no damage.
You hit Terence.
Terence is severely wounded.
Terence barely misses you.
You barely miss Terence. Your bite misses Terence.
Terence is severely wounded.
Terence hits you but does no damage.
You hit Terence but do no damage.
Terence is severely wounded.
Terence completely misses you.
You hit Terence.
Terence is severely wounded.
Terence hits you with a +0 trident!
* * * LOW HITPOINT WARNING * * *
You hit Terence. Your bite misses Terence.
Terence is almost dead.
You hit Terence but do no damage. You bite Terence, but do no damage.
Terence is almost dead.
Terence hits you but does no damage.
You hit Terence but do no damage. You bite Terence, but do no damage.
Terence is almost dead.
Terence barely misses you.
You closely miss Terence.
Terence is almost dead.
Terence barely misses you.
You hit Terence. Your bite misses Terence.
Terence is almost dead.
Terence hits you with a +0 trident.
* * * LOW HITPOINT WARNING * * *
You barely miss Terence.
Terence is almost dead.
Terence bares his teeth.
Terence hits you with a +0 trident.
You die...

#.# #.# ##.. #####.#
#.#######... #.....#
#.....>##.^.
#.############......
#.# .............
#.# #######.#.##.
#.# # #.#....
#.###(# #.#####
#..@@.# #.# #.
####### #.# #. #.#
#. ##.##### #......#
#......# #......#
#......# ##.#####


You could see Terence.

Vanquished Creatures
  A gnoll (D:1)
  2 dart slugs
  2 endoplasms
  2 giant cockroaches
  8 goblins
  3 hobgoblins
  3 quokkas
  4 ball pythons (D:1)
  8 bats
  3 kobolds
  3 rats
39 creatures vanquished.

Vanquished Creatures (others)
  5 foxfires (D:1)
5 creatures vanquished.

Grand Total: 44 creatures vanquished

Notes
Turn   | Place    | Note
-------+----------+-------------------------------------------
     0 | D:1      | SnakkuSnakku7 the Vine Stalker Fire Elementalist began the
                  | quest for the Orb.
     0 | D:1      | Reached XP level 1. HP: 9/9 MP: 4/4
    45 | D:1      | Reached skill level 1 in Unarmed Combat
    45 | D:1      | Reached XP level 2. HP: 10/14 MP: 6/6
   103 | D:1      | Reached skill level 1 in Fighting
   307 | D:1      | Reached XP level 3. HP: 18/18 MP: 5/7
  1129 | D:2      | Found a faded altar of an unknown god.
  1130 | D:2      | Found Iqunk's General Store.
  1140 | D:2      | Bought a +0 helmet for 63 gold pieces
  1495 | D:2      | Noticed Terence
  1517 | D:2      | Slain by Terence

Illustrated notes

Levels and vault maps discovered:
D:1:      roderic_dead_forest, layout_basic, minmay_tetromino_s2
D:2:      layout_basic, ebering_ecumenical_altar_rust, serial_shops, shop,
          uniq_terence

Skill      XL: |  1  2  3 |
---------------+----------+-----
Unarmed Combat | 1 2 |  2.3
Fighting       | 1 2 |  2.0
Dodging        | |  1.5
Stealth        | |  2.4
Spellcasting   | |  2.1
Conjurations   | |  1.0
Fire Magic     | |  3.0

Action                     || total
---------------------------++-------
  Melee: Unarmed           ||   121
         Bite              ||    43
         Punch             ||     2
   Cast: Foxfire           ||     4
   Stab: Sleeping          ||     3
 Armour: Robe              ||     4
         Leather armour    ||    34
         Chain mail        ||    29
  Dodge: Dodged            ||    56
